[Event "Titled Tuesday Blitz May 9 Early 2023"]
[White "Panico, Nick"]
[Black "Parizek, Vojtech"]
[WhiteFideId "2026724"]
[BlackFideId "360996"]
[WhiteElo "1982"]
[BlackElo "2115"]
[Result "0-1"]
[Round "07"]
[TimeControl "180+2"]
[Date "2023.05.09"]
[WhiteClock "0:00:16"]
[BlackClock "0:00:03"]

1. d4 Nf6 2. Bf4 g6 3. e3 Bg7 4. h3 O-O 5. Nf3 d6 6. Be2 Nbd7 7. O-O b6 8. a4 a6 9. c3 Bb7 10. Nbd2 c5 11. Qb3 Qc7 12. Rfd1 Rac8 13. Qa3 Qb8 14. Rac1 Qa8 15. b4 Rfd8 16. Qb3 Ne4 17. Nxe4 Bxe4 18. d5 cxb4 19. Ng5 Nc5 20. Qxb4 Bxd5 21. Qxb6 Bxg2 22. Bc4 Rf8 23. Be2 h6 24. Nxf7 Rxf7 25. Bc4 d5 26. Kxg2 dxc4+ 27. Kg1 Nd3 28. Rb1 e5 29. Bg3 Rff8 30. Qxg6 Qc6 31. Qh5 Rb8 32. Ra1 Rb2 33. Rf1 Rc2 34. Qg4 Rxc3 35. e4 Rc2 36. f4 Qc5+ 37. Kh1 Qd4 38. f5 Nf2+ 39. Bxf2 Rxf2 40. Rg1 Qa7 41. Qg6 Rf4 42. Qxh6 Rxe4 43. Rg6 Qb7 44. Kh2 Re2+ 45. Kg1 Qg2+ 46. Rxg2 Rxg2+ 47. Kxg2 Bxh6 48. Rc1 Rc8 49. Re1 Bf4 50. Rxe5 Bxe5 51. Kf3 c3 52. Ke4 c2 53. Kxe5 c1=Q 54. Kf6 Qc6+ 55. Kg5 Re8 56. h4 Qg2+ 57. Kf6 Qg7# 0-1


[Site "https://www.chess.com"]

[Event "Titled Tuesday Blitz May 9 Early 2023"]
[White "Pein, Jonathan"]
[Black "Nastase, Robert-Paul"]
[WhiteFideId "417092"]
[BlackFideId "1221175"]
[WhiteElo "2151"]
[BlackElo "2175"]
[Result "1-0"]
[Round "07"]
[TimeControl "180+2"]
[Date "2023.05.09"]
[WhiteClock "0:01:01"]
[BlackClock "0:00:00"]

1. e4 c5 2. Nh3 g6 3. f4 Bg7 4. d3 e6 5. Be2 Ne7 6. O-O O-O 7. c3 Nbc6 8. Qe1 d6 9. Na3 f5 10. Be3 Rb8 11. Rd1 b5 12. Qh4 h6 13. g4 e5 14. fxe5 fxg4 15. Nf2 g5 16. Qg3 Bxe5 17. Qg2 Ng6 18. Nxg4 Nh4 19. Rxf8+ Qxf8 20. Qf2 Bxg4 21. Bxg4 Qxf2+ 22. Bxf2 Rf8 23. Bxh4 gxh4 24. Nxb5 Rb8 25. Be6+ Kh8 26. a4 a6 27. d4 Bf4 28. Nc7 Rxb2 29. Nd5 Bxh2+ 30. Kf1 Bg3 31. Ne3 Rf2+ 32. Kg1 cxd4 33. cxd4 Rf3 34. Nf5 Rf4 35. Nxh6 1-0


[Site "https://www.chess.com"]

[Event "Titled Tuesday Blitz May 9 Early 2023"]
[White "Kiseljova, Marya"]
[Black "Larina, Maria"]
[WhiteFideId "4155009"]
[BlackFideId "24113182"]
[WhiteElo "1831"]
[BlackElo "1848"]
[Result "1-0"]
[Round "07"]
[TimeControl "180+2"]
[Date "2023.05.09"]
[WhiteClock "0:00:24"]
[BlackClock "0:00:00"]

1. d4 f5 2. c4 Nf6 3. Nf3 d6 4. Nc3 g6 5. g3 Bg7 6. Bg2 O-O 7. O-O Nc6 8. Re1 e5 9. dxe5 dxe5 10. Bg5 e4 11. Nh4 h6 12. Qxd8 Nxd8 13. Bxf6 Rxf6 14. Nd5 Rf7 15. Nxg6 c6 16. Nc3 Be6 17. c5 Bd4 18. Na4 Bc4 19. e3 Bf6 20. Rec1 Bb5 21. Nc3 Bd3 22. Nf4 Be5 23. Nxd3 exd3 24. Rd1 Rd7 25. Rd2 Ne6 26. Na4 Rad8 27. Rad1 Kf7 28. Bh3 Kf6 29. Bf1 Ng5 30. Kg2 Ne4 31. Rxd3 Rxd3 32. Rxd3 Rxd3 33. Bxd3 Ng5 34. h4 Ne6 35. b4 Nc7 36. f4 Ba1 37. Kf3 Nd5 38. a3 Ke6 39. e4 fxe4+ 40. Kxe4 Nc3+ 41. Nxc3 Bxc3 42. Bc4+ Kf6 43. b5 Bb2 44. a4 Ba3 45. bxc6 bxc6 46. Ba6 Bxc5 47. Bb7 Bb4 48. Bxc6 a5 49. g4 Bd2 50. h5 Bc1 51. Bb5 Bd2 52. Kf3 Bc1 53. Ke4 Bd2 54. Kd5 Bc3 55. Bd3 Bd2 56. Ke4 Bc3 57. Bc2 Bd2 58. Kf3 Bc3 59. Ke2 Bd4 60. Kd3 Bb2 61. Kc4 Bc1 62. Kb5 Bxf4 63. Kxa5 Kg5 64. Bf5 Be3 65. Kb5 Kf6 66. a5 Ke7 67. Kc6 Kd8 68. Kb7 Ke7 69. a6 Kf6 70. a7 Bxa7 71. Kxa7 Kg5 72. Kb6 Kf6 73. Kc7 Kg7 74. Kd6 Kf6 75. Kd7 Kg7 76. Ke7 Kg8 77. Kf6 Kh8 78. Kg6 Kg8 79. Kxh6 Kh8 80. Kg6 1-0


[Site "https://www.chess.com"]

[Event "Titled Tuesday Blitz May 9 Early 2023"]
[White "Srebrnic, Ana"]
[Black "Ciuffoletti, Paolo"]
[WhiteFideId "14603314"]
[BlackFideId "807630"]
[WhiteElo "2181"]
[BlackElo "2143"]
[Result "1/2-1/2"]
[Round "07"]
[TimeControl "180+2"]
[Date "2023.05.09"]
[WhiteClock "0:00:17"]
[BlackClock "0:00:04"]

1. e4 c5 2. Nf3 Nc6 3. d4 cxd4 4. Nxd4 Nf6 5. Nc3 e5 6. Ndb5 d6 7. Bc4 a6 8. Na3 Be6 9. Bd5 Rc8 10. Bg5 Be7 11. Bxf6 Bxf6 12. O-O O-O 13. Ne2 b5 14. c3 b4 15. Nc2 a5 16. Bxc6 Rxc6 17. cxb4 axb4 18. Nxb4 Rc4 19. Nd5 Rxe4 20. Nec3 Rd4 21. Nxf6+ Qxf6 22. Qc2 Bf5 23. Qb3 Be6 24. Qc2 Qh6 25. Rad1 Rh4 26. h3 Bxh3 27. gxh3 Qg5+ 28. Kh2 Qf4+ 29. Kg2 Qg5+ 30. Kh2 Qf4+ 31. Kg2 Qg5+ 32. Kh2 1/2-1/2


[Site "https://www.chess.com"]

[Event "Titled Tuesday Blitz May 9 Early 2023"]
[White "Lakshmi C"]
[Black "Necula, Iulian"]
[WhiteFideId "25035347"]
[BlackFideId "1232380"]
[WhiteElo "1942"]
[BlackElo "1790"]
[Result "1-0"]
[Round "07"]
[TimeControl "180+2"]
[Date "2023.05.09"]
[WhiteClock "0:00:01"]
[BlackClock "0:00:00"]

1. e4 d6 2. f4 Nf6 3. Nc3 e5 4. fxe5 dxe5 5. Nf3 Bd6 6. d3 O-O 7. Bg5 h6 8. Bh4 Bg4 9. Be2 Nbd7 10. h3 Bh5 11. Qd2 c6 12. O-O-O b5 13. g4 Bg6 14. Rdg1 Qa5 15. Kb1 Bb4 16. g5 hxg5 17. Bxg5 Nh7 18. Be3 c5 19. Nh4 Bxc3 20. Qxc3 b4 21. Qd2 Qb6 22. Nxg6 fxg6 23. Rg2 Rf6 24. Rhg1 Raf8 25. h4 R8f7 26. c3 bxc3 27. Qxc3 Rc6 28. Qc4 Kf8 29. h5 g5 30. Bxg5 Nxg5 31. Rxg5 Rcf6 32. Rg6 Qd6 33. Rxf6 Qxf6 34. Qc2 Qh6 35. Rh1 Rf4 36. Bd1 Ke7 37. Qc4 g6 38. Qd5 gxh5 39. Rxh5 Qf6 40. Qc4 Qf7 41. Rh7 Qxh7 42. Qd5 Qf7 43. Qxf7+ Rxf7 44. Kc2 Rf2+ 45. Kc3 Nb6 46. Kb3 Kd6 47. Bc2 Rd2 48. Kc3 Rf2 49. Bd1 a5 50. b3 Ke6 51. a3 Kf6 52. Bg4 Ra2 53. a4 Ra3 54. Kb2 Kg5 55. Bh3 Kh4 56. Bf1 Rxa4 57. bxa4 Nxa4+ 58. Ka3 Nb6 59. Kb3 Kg3 60. Be2 Kf2 61. Bh5 Ke3 62. Kc3 a4 63. Bf7 a3 64. Ba2 1-0


[Site "https://www.chess.com"]

[Event "Titled Tuesday Blitz May 9 Early 2023"]
[White "Turzo, Attila"]
[Black "Rian, Kapriaga"]
[WhiteFideId "704954"]
[BlackFideId "7103263"]
[WhiteElo "2482"]
[BlackElo "2315"]
[Result "0-1"]
[Round "07"]
[TimeControl "180+2"]
[Date "2023.05.09"]
[WhiteClock "0:01:01"]
[BlackClock "0:00:11"]

1. d4 Nf6 2. Nf3 d5 3. Bf4 e6 4. e3 Bd6 5. Bg3 O-O 6. Nbd2 c5 7. Bd3 Qc7 8. dxc5 Qxc5 9. O-O Nbd7 10. c4 Bxg3 11. hxg3 e5 12. cxd5 Qxd5 13. Qc2 Nc5 14. Bc4 Qd6 15. Rfd1 Qc7 16. Rac1 Bg4 17. Bxf7+ Rxf7 18. Qxc5 Qxc5 19. Rxc5 e4 20. Ne5 Bxd1 21. Nxf7 Kxf7 22. Rc7+ Kg6 23. Rxb7 Rc8 24. f3 exf3 25. Nxf3 Ng4 26. Kf1 Rc1 27. Nh4+ Kf6 28. Ke1 Bf3+ 29. Kd2 Rd1+ 30. Kc2 Nxe3+ 31. Kc3 Bxb7 32. a4 Nxg2 33. Nxg2 Bxg2 34. b4 0-1


[Site "https://www.chess.com"]

[Event "Titled Tuesday Blitz May 9 Early 2023"]
[White "Carlsen, Magnus"]
[Black "Bortnyk, Olexandr"]
[WhiteFideId "1503014"]
[BlackFideId "14120828"]
[WhiteElo "2852"]
[BlackElo "2734"]
[Result "1/2-1/2"]
[Round "08"]
[TimeControl "180+2"]
[Date "2023.05.09"]
[WhiteClock "0:00:25"]
[BlackClock "0:00:05"]

1. f3 e5 2. Nc3 d5 3. d4 exd4 4. Qxd4 Be6 5. e4 Nc6 6. Bb5 dxe4 7. Qxd8+ Rxd8 8. Bxc6+ bxc6 9. Nxe4 f5 10. Nc3 Bc5 11. Nge2 Nf6 12. Bf4 Bb6 13. Bd2 Kf7 14. O-O-O Rhe8 15. Nf4 Bc4 16. b3 Ba6 17. Rhe1 g5 18. Nd3 Bxd3 19. cxd3 h6 20. Kc2 Nd5 21. Nxd5 cxd5 22. Rxe8 Rxe8 23. Re1 Rxe1 24. Bxe1 h5 25. h3 g4 26. b4 c6 27. Kb3 Ke6 28. Bg3 a6 29. Ka4 Kd7 30. Be5 Ke6 31. Bf4 Kd7 32. Bh6 gxf3 33. gxf3 Ke6 34. Bg7 Kd6 35. Kb3 Ke6 36. Kc3 Kd6 37. Bd4 Bd8 38. Bc5+ Ke5 39. Be3 d4+ 40. Bxd4+ Kf4 41. Kc4 Kxf3 42. Kc5 Ke2 43. Kxc6 f4 44. a4 f3 45. a5 Kxd3 46. Bf2 Ke2 47. b5 Kxf2 48. bxa6 Kg1 49. a7 f2 50. a8=Q Bxa5 51. Qg8+ Kh2 52. Qf7 Kg2 53. Qg6+ Kh2 54. Qf5 Kg2 55. Qg5+ Kh2 56. Qf4+ Kg2 57. Qe4+ Kg1 58. Qd4 Kg2 59. Qb2 Kg1 60. Qg7+ Kh2 61. Qf7 Kg2 62. Qg6+ Kh2 63. Qf5 Kg2 64. Qe4+ Kg1 65. Qe3 Kg2 66. Qg5+ Kh2 67. Qxa5 f1=Q 68. Qxh5 Qxh3 69. Qxh3+ Kxh3 1/2-1/2


[Site "https://www.chess.com"]

[Event "Titled Tuesday Blitz May 9 Early 2023"]
[White "Pranesh M"]
[Black "Nakamura, Hikaru"]
[WhiteFideId "35028600"]
[BlackFideId "2016192"]
[WhiteElo "2437"]
[BlackElo "2885"]
[Result "0-1"]
[Round "08"]
[TimeControl "180+2"]
[Date "2023.05.09"]
[WhiteClock "0:00:03"]
[BlackClock "0:00:13"]

1. e4 e5 2. Nf3 Nc6 3. Bc4 Nf6 4. Ng5 d5 5. exd5 Na5 6. Bb5+ c6 7. dxc6 bxc6 8. Qf3 Be7 9. Bd3 O-O 10. Nc3 h6 11. Nge4 Nd5 12. Ng3 g6 13. O-O f5 14. Qd1 f4 15. Nge4 f3 16. g3 Nb4 17. Re1 Nxd3 18. cxd3 Qd7 19. Re3 Qh3 20. Rxf3 Bg4 21. Rxf8+ Rxf8 22. Qf1 Qh5 23. b3 c5 24. Nd5 Bh3 25. Qe1 Qf3 26. Ne3 Nc6 27. Qd1 Nd4 28. Qxf3 Nxf3+ 29. Kh1 Rd8 30. Ba3 Rxd3 31. Rc1 Bf5 32. Nxf5 gxf5 33. Bxc5 Bxc5 34. Nxc5 Rxd2 35. Kg2 e4 36. Ne6 Ne5 37. Rc5 Ng4 38. h3 Nxf2 39. Rxf5 Nd3+ 40. Kf1 Rxa2 41. Nc5 Ra5 42. b4 Nxb4 43. g4 e3 44. Ke2 Nc2 45. Ne6 Rxf5 46. gxf5 Kf7 47. Kd3 e2 48. Kxe2 Kf6 49. Kd3 Kxf5 50. Nc7 Nb4+ 51. Ke3 a5 52. Nb5 Ke5 53. Kf3 Nd5 54. Kg4 Nf6+ 55. Kf3 Kd5 56. Kf4 Kc4 57. Na3+ Kb4 58. Nb1 Nd5+ 59. Kf5 Nc3 60. Nd2 a4 61. Nf1 a3 62. Ne3 Kb3 63. Nf1 a2 64. Ne3 a1=Q 0-1


[Site "https://www.chess.com"]

[Event "Titled Tuesday Blitz May 9 Early 2023"]
[White "Bluebaum, Matthias"]
[Black "Aravindh, Chithambaram VR."]
[WhiteFideId "24651516"]
[BlackFideId "5072786"]
[WhiteElo "2639"]
[BlackElo "2596"]
[Result "1-0"]
[Round "08"]
[TimeControl "180+2"]
[Date "2023.05.09"]
[WhiteClock "0:00:11"]
[BlackClock "0:00:00"]

1. d4 e6 2. c4 d5 3. Nc3 c5 4. cxd5 exd5 5. Nf3 Nc6 6. dxc5 d4 7. Na4 Bxc5 8. Nxc5 Qa5+ 9. Bd2 Qxc5 10. b4 Qd6 11. e3 Bg4 12. h3 Bxf3 13. Qxf3 Nge7 14. Bb5 dxe3 15. Qxe3 O-O-O 16. O-O-O Nd5 17. Qc5 Qf6 18. Kb1 Rd6 19. Bc4 Rhd8 20. Rc1 b6 21. Ba6+ Kb8 22. Qc4 Nc7 23. Bf4 Nxa6 24. Bxd6+ Rxd6 25. Qxa6 Rd2 26. Qa3 Qf5+ 27. Ka1 Qe5+ 28. Qc3 Qd5 29. Rc2 Rxc2 30. Qxc2 Nxb4 31. Qb2 Qxg2 32. Qe5+ Kb7 33. Rd1 Nc6 34. Rd7+ Ka6 35. Qe2+ b5 36. a4 Qg5 37. Qxb5+ Qxb5 38. axb5+ Kxb5 39. Rxf7 g6 40. Rxh7 Kc5 41. Rg7 Ne5 42. f4 Nd3 43. Rxg6 Nxf4 44. Rg5+ Kd6 45. h4 Ke6 46. Rg4 Kf5 47. Rg5+ Kf6 48. Rg1 Nh5 49. Kb2 Kf7 50. Kb3 Nf6 51. Ka4 Nd7 52. h5 Ne5 53. h6 1-0


[Site "https://www.chess.com"]

[Event "Titled Tuesday Blitz May 9 Early 2023"]
[White "Terry, Renato"]
[Black "Donchenko, Alexander"]
[WhiteFideId "3803457"]
[BlackFideId "24603295"]
[WhiteElo "2575"]
[BlackElo "2554"]
[Result "1-0"]
[Round "08"]
[TimeControl "180+2"]
[Date "2023.05.09"]
[WhiteClock "0:00:48"]
[BlackClock "0:00:03"]

1. d4 Nf6 2. Nf3 d5 3. c4 e6 4. e3 Be7 5. b3 O-O 6. Bb2 b6 7. Bd3 Bb7 8. O-O Nbd7 9. Nbd2 a5 10. Qc2 h6 11. Rac1 Bd6 12. Ne5 Qe7 13. Rfd1 Rac8 14. Nxd7 Nxd7 15. cxd5 exd5 16. Bf5 Rcd8 17. Nf3 Rfe8 18. g3 c6 19. Bh3 Ra8 20. a4 Rad8 21. Kg2 c5 22. Kg1 Nf6 23. Nh4 g6 24. dxc5 bxc5 25. Nxg6 fxg6 26. Qxg6+ Qg7 27. Qxf6 Qxf6 28. Bxf6 Rb8 29. Bg2 Bf8 30. Bc3 d4 31. exd4 cxd4 32. Bxa5 Bxg2 33. Kxg2 Rxb3 34. Rxd4 Ra3 35. Rcc4 Ra2 36. Rg4+ Kh7 37. Rc7+ Re7 38. Rxe7+ Bxe7 39. Rc4 Kg6 40. Bb6 Kf5 41. Be3 h5 42. h3 Bd8 43. Kf3 Ba5 44. Rc5+ 1-0


[Site "https://www.chess.com"]

[Event "Titled Tuesday Blitz May 9 Early 2023"]
[White "Ivic, Velimir"]
[Black "Matlakov, Maxim"]
[WhiteFideId "950122"]
[BlackFideId "4168003"]
[WhiteElo "2563"]
[BlackElo "2666"]
[Result "0-1"]
[Round "08"]
[TimeControl "180+2"]
[Date "2023.05.09"]
[WhiteClock "0:00:00"]
[BlackClock "0:00:37"]

1. e4 c5 2. Nf3 d6 3. d4 cxd4 4. Nxd4 Nf6 5. Nc3 a6 6. Be3 e5 7. Nb3 Be7 8. f3 Be6 9. Qd2 Nbd7 10. g4 Nb6 11. g5 Nh5 12. O-O-O O-O 13. Kb1 Rc8 14. Rg1 g6 15. h4 Nc4 16. Bxc4 Bxc4 17. Nd5 Bxd5 18. Qxd5 Qc7 19. c3 Kh8 20. Nd2 f6 21. gxf6 Rxf6 22. Bg5 Rff8 23. Bxe7 Qxe7 24. Nc4 Rxf3 25. Nxd6 Rcf8 26. Qxb7 Qxh4 27. Rh1 Qf4 28. Rxh5 gxh5 29. Nf5 Qg5 30. Rd7 R3xf5 31. exf5 Qxf5+ 32. Kc1 h4 33. Qb4 h3 34. Qe7 Rg8 35. Rd8 h2 0-1


[Site "https://www.chess.com"]

[Event "Titled Tuesday Blitz May 9 Early 2023"]
[White "Sarana, Alexey"]
[Black "Sokolovsky, Yahli"]
[WhiteFideId "24133795"]
[BlackFideId "2820242"]
[WhiteElo "2714"]
[BlackElo "2389"]
[Result "0-1"]
[Round "08"]
[TimeControl "180+2"]
[Date "2023.05.09"]
[WhiteClock "0:00:37"]
[BlackClock "0:01:16"]

1. d4 d5 2. c4 e6 3. Nc3 c6 4. e3 f5 5. Nf3 Nf6 6. Bd3 Bd6 7. a4 Ne4 8. Qc2 O-O 9. b3 Rf6 10. Ba3 Bxa3 11. Rxa3 Qa5 12. Bxe4 fxe4 13. Ne5 Nd7 14. Nxd7 Bxd7 15. Qd2 Qb4 16. Nb1 Qe7 17. O-O Raf8 18. Ra2 Rh6 19. f4 exf3 20. gxf3 e5 21. cxd5 Bh3 22. Rf2 Qg5+ 23. Kh1 Rg6 24. Qe1 Rxf3 25. Rae2 Rxf2 26. Qxf2 Rf6 0-1


[Site "https://www.chess.com"]

[Event "Titled Tuesday Blitz May 9 Early 2023"]
[White "Orozbaev, Eldiar"]
[Black "Kramnik, Vladimir"]
[WhiteFideId "13802240"]
[BlackFideId "4101588"]
[WhiteElo "2201"]
[BlackElo "2703"]
[Result "1/2-1/2"]
[Round "08"]
[TimeControl "180+2"]
[Date "2023.05.09"]
[WhiteClock "0:00:19"]
[BlackClock "0:00:18"]

1. e4 c5 2. c3 e6 3. d4 d5 4. exd5 Qxd5 5. Nf3 Nf6 6. Be2 cxd4 7. cxd4 Nc6 8. Nc3 Qd6 9. O-O Be7 10. Nb5 Qd8 11. Bf4 Nd5 12. Bg3 O-O 13. Nc3 Nf6 14. a3 b6 15. Bd3 Bb7 16. Bc2 Rc8 17. Qd3 g6 18. Rad1 Na5 19. Rfe1 Nc4 20. Rb1 Bxf3 21. gxf3 a6 22. Bb3 b5 23. a4 Na5 24. Ba2 b4 25. Ne4 Nxe4 26. fxe4 b3 27. Bxb3 Nxb3 28. Qxb3 Qxd4 29. Rbd1 Qb4 30. Qxb4 Bxb4 31. Re3 Rc6 32. Rb3 a5 33. Rbd3 Rc4 34. f3 Bc5+ 35. Kf1 Rxa4 36. Be5 f6 37. Bc3 e5 38. Rd7 Rf7 39. Rxf7 Kxf7 40. Rd7+ Ke6 41. Rxh7 Ra1+ 42. Ke2 Bb4 43. Bxb4 axb4 44. Rb7 Rh1 45. Rxb4 Rxh2+ 46. Ke3 g5 47. Rb6+ Kf7 48. Rb7+ Kg6 49. Rb8 Rc2 50. b4 Rc3+ 51. Ke2 Rb3 52. b5 g4 53. Rg8+ Kf7 54. Rxg4 1/2-1/2


[Site "https://www.chess.com"]

[Event "Titled Tuesday Blitz May 9 Early 2023"]
[White "Rodshtein, Maxim"]
[Black "Kollars, Dmitrij"]
[WhiteFideId "2806851"]
[BlackFideId "12909572"]
[WhiteElo "2555"]
[BlackElo "2584"]
[Result "0-1"]
[Round "08"]
[TimeControl "180+2"]
[Date "2023.05.09"]
[WhiteClock "0:00:00"]
[BlackClock "0:00:18"]

1. d4 Nf6 2. Nf3 d5 3. e3 c5 4. Nbd2 Nc6 5. c3 cxd4 6. exd4 Bf5 7. Qb3 Qc7 8. Nh4 Bd7 9. Bd3 e5 10. dxe5 Nxe5 11. Bb5 Bc5 12. Bxd7+ Qxd7 13. O-O O-O 14. Ndf3 Nc6 15. Qb5 Bb6 16. Qd3 Rfe8 17. Nf5 Ne4 18. N5d4 Na5 19. Bf4 Rac8 20. Rfe1 Nc4 21. Re2 Nc5 22. Qc2 Rxe2 23. Nxe2 Ne6 24. Rd1 h6 25. Bg3 Qc6 26. b3 Nd6 27. Bxd6 Qxd6 28. Qd3 Qa3 29. Qd2 Nc5 30. Qxd5 Rd8 31. Qxd8+ Bxd8 32. Rxd8+ Kh7 33. b4 Qxa2 34. Ng3 Ne4 35. Rd7 Qxf2+ 36. Kh1 Qe3 0-1


[Site "https://www.chess.com"]

[Event "Titled Tuesday Blitz May 9 Early 2023"]
[White "demon64fields"]
[Black "Pranav, V"]
[BlackFideId "25060783"]
[WhiteElo "2903"]
[BlackElo "2515"]
[Result "1-0"]
[Round "08"]
[TimeControl "180+2"]
[Date "2023.05.09"]
[WhiteClock "0:00:37"]
[BlackClock "0:00:00"]

1. Nf3 Nf6 2. g3 d5 3. Bg2 c6 4. O-O Bg4 5. Ne5 Bf5 6. d4 Nbd7 7. c4 e6 8. Nc3 Be7 9. Qb3 Qb6 10. Nxd7 Nxd7 11. e4 dxe4 12. Nxe4 O-O 13. Be3 Nf6 14. Nc5 Bxc5 15. dxc5 Qxb3 16. axb3 a6 17. b4 Bd3 18. Rfc1 Rfd8 19. h3 e5 20. Rc3 Ne8 21. b5 e4 22. b6 f5 23. b4 Kf7 24. Bf1 Bxf1 25. Kxf1 Nf6 26. Rca3 Rac8 27. Bf4 Rd4 28. Rxa6 bxa6 29. b7 Re8 30. b5 axb5 31. cxb5 cxb5 32. c6 Nd5 33. c7 Nxc7 34. Bxc7 Rd7 35. b8=Q Rxb8 36. Bxb8 b4 37. Ra7 Rxa7 38. Bxa7 Ke6 39. Bd4 g5 40. Ke2 f4 41. g4 Kd5 42. Bf6 h6 43. Bg7 b3 44. Kd2 Kc4 45. Bf6 Kb4 46. Bb2 Kc4 47. Ke2 Kb4 48. f3 exf3+ 49. Kxf3 Kc4 50. Ke4 Kc5 51. h4 gxh4 52. Kxf4 Kc4 53. Kf3 Kd3 54. Kg2 Ke4 55. Kh3 Kf4 56. Kxh4 Kf3 57. Kh5 Kg3 58. Ba1 Kf3 59. Be5 Ke4 60. Bb2 Kf3 61. Kh4 Kg2 62. Bg7 Kf3 63. Kh3 Ke4 64. Kg3 1-0


[Site "https://www.chess.com"]

[Event "Titled Tuesday Blitz May 9 Early 2023"]
[White "Sargsyan, Shant"]
[Black "Zhigalko, Sergei"]
[WhiteFideId "13306766"]
[BlackFideId "13502956"]
[WhiteElo "2628"]
[BlackElo "2626"]
[Result "0-1"]
[Round "08"]
[TimeControl "180+2"]
[Date "2023.05.09"]
[WhiteClock "0:00:00"]
[BlackClock "0:00:03"]

1. c4 e5 2. g3 Nf6 3. Bg2 c6 4. d4 exd4 5. Qxd4 Na6 6. Nf3 Bc5 7. Qe5+ Be7 8. O-O O-O 9. Rd1 Re8 10. Qf4 Nc5 11. Nc3 d6 12. b3 a5 13. Bb2 Qb6 14. Rab1 h6 15. Qd4 Bf5 16. e4 Bh7 17. Re1 Bf8 18. Nd2 Rad8 19. Ba1 Qc7 20. Rbc1 Ng4 21. Nf3 Ne6 22. Qd2 Nc5 23. Nd4 a4 24. h3 Ne5 25. Re3 axb3 26. axb3 Ra8 27. f4 Nxb3 28. Nxb3 Nxc4 29. Qe2 Nxe3 30. Qxe3 d5 31. Nxd5 Qd8 32. Nc3 Ra3 33. Ne2 Qa8 34. Bb2 Ra2 35. Bc3 Qa3 36. Rb1 Qa4 37. Nd2 Qa6 38. Kh2 Rd8 39. Nd4 Bc5 40. Rd1 Ra3 41. N2f3 Qc4 42. Rc1 b5 43. f5 b4 44. Bd2 Qxc1 45. Bxc1 Rxe3 46. Bxe3 b3 47. Bf1 b2 48. Bd3 Bb6 49. Bc2 c5 50. Nb5 Rb8 51. Nc3 c4 52. Bxb6 Rxb6 53. Kg2 Kf8 54. g4 Bg8 55. Kf2 f6 56. Ke3 Rd6 57. Nd4 Ke8 58. Nd1 Rb6 59. Nc3 Rd6 60. Ba4+ Ke7 61. Bb5 Rb6 62. Kd2 Kd6 63. Ba4 b1=Q 64. Bc2 Qb2 65. e5+ fxe5 66. Ne4+ Kc7 67. Nf3 Qb4+ 68. Nc3 Bd5 69. Nxe5 Bb7 70. f6 Rd6+ 71. Kc1 Qa3+ 0-1


[Site "https://www.chess.com"]

[Event "Titled Tuesday Blitz May 9 Early 2023"]
[White "Adhiban, B."]
[Black "Beerdsen, Thomas"]
[WhiteFideId "5018471"]
[BlackFideId "1030108"]
[WhiteElo "2587"]
[BlackElo "2549"]
[Result "0-1"]
[Round "08"]
[TimeControl "180+2"]
[Date "2023.05.09"]
[WhiteClock "0:00:41"]
[BlackClock "0:02:06"]

1. d4 Nf6 2. c4 a6 3. Nc3 b5 4. cxb5 axb5 5. Nxb5 e5 6. e3 exd4 7. exd4 Ne4 8. Bd3 Bb4+ 9. Kf1 d5 10. Qc2 O-O 11. Nf3 Bf5 12. h4 Na6 13. Bg5 Qd7 14. Ne5 Qe6 15. Nc6 Rfe8 16. Bf4 Nec5 17. Nxb4 Nxd3 18. Nxd3 Nb4 19. Nxc7 Nxc2 20. Nxe6 Bxd3+ 21. Kg1 Nxa1 22. Nc7 Re1+ 23. Kh2 Rxh1+ 24. Kxh1 Rxa2 25. Nxd5 Rxb2 26. f3 Nc2 0-1


[Site "https://www.chess.com"]

[Event "Titled Tuesday Blitz May 9 Early 2023"]
[White "Nguyen, Ngoc Truong Son"]
[Black "Yuan, Qingyu"]
[WhiteFideId "12401110"]
[BlackFideId "8609772"]
[WhiteElo "2556"]
[BlackElo "2359"]
[Result "1-0"]
[Round "08"]
[TimeControl "180+2"]
[Date "2023.05.09"]
[WhiteClock "0:00:05"]
[BlackClock "0:00:03"]

1. d4 e6 2. Nf3 c5 3. c3 Nc6 4. g3 Nf6 5. Bg2 b6 6. O-O Bb7 7. Re1 d5 8. Bf4 Bd6 9. Nbd2 O-O 10. e3 Rc8 11. Bxd6 Qxd6 12. Qa4 a6 13. dxc5 Qxc5 14. Rad1 b5 15. Qf4 Ne7 16. Ne5 Ng6 17. Nxg6 hxg6 18. Nb3 Qc7 19. Qxc7 Rxc7 20. h3 Rfc8 21. g4 g5 22. Kh2 g6 23. Kg3 Kg7 24. f4 Nh7 25. a3 Rd8 26. Nd4 Rcd7 27. Nf3 gxf4+ 28. exf4 Nf6 29. Ne5 Rc7 30. Rd4 Nd7 31. Nxd7 Rdxd7 32. g5 Rc4 33. Red1 Rdc7 34. h4 Rc8 35. Bf3 a5 36. Be2 R4c5 37. h5 gxh5 38. Bxh5 Rh8 39. Be2 Bc6 40. Rf1 Bd7 41. Kf2 Rh2+ 42. Ke1 Rc8 43. Rf2 Rh1+ 44. Rf1 Rh2 45. Rd2 b4 46. axb4 axb4 47. cxb4 Rb8 48. Rd4 Ra8 49. Rf2 Rh1+ 50. Kd2 Raa1 51. Bd3 Rhd1+ 52. Kc3 Ba4 53. b3 Rac1+ 54. Rc2 Bd7 55. Rxc1 Rxc1+ 56. Kd2 Rc7 57. b5 Rb7 58. Rb4 Kf8 59. b6 Ke7 60. Ba6 Rb8 61. Ke3 Kd6 62. Kd4 Kc6 63. Bb5+ Kd6 64. Bxd7 Kxd7 65. b7 Kc6 66. Ke5 Rxb7 67. Rxb7 Kxb7 68. f5 exf5 69. Kxd5 Kb6 70. Ke5 f6+ 71. gxf6 1-0


[Site "https://www.chess.com"]

[Event "Titled Tuesday Blitz May 9 Early 2023"]
[White "Lenderman, Aleksandr"]
[Black "Seemann, Jakub"]
[WhiteFideId "2021285"]
[BlackFideId "21874697"]
[WhiteElo "2607"]
[BlackElo "2364"]
[Result "1-0"]
[Round "08"]
[TimeControl "180+2"]
[Date "2023.05.09"]
[WhiteClock "0:00:06"]
[BlackClock "0:00:00"]

1. Nf3 d5 2. e3 Nf6 3. c4 e6 4. b3 b6 5. Bb2 Bb7 6. Nc3 Bd6 7. cxd5 exd5 8. Nb5 Be7 9. Be5 Na6 10. Nbd4 O-O 11. Rc1 c5 12. Nf5 Nb4 13. a3 Nc6 14. Bb2 Re8 15. Nxe7+ Qxe7 16. d4 Rac8 17. Bb5 a6 18. Bxc6 Bxc6 19. dxc5 bxc5 20. Bxf6 Qxf6 21. Rxc5 Bb5 22. Rxc8 Rxc8 23. Nd4 Qg6 24. g4 Bd3 25. f3 Qg5 26. Kf2 Qh4+ 27. Kg2 Bg6 28. Qe1 Qe7 29. b4 h5 30. h3 h4 31. Qd2 Qe5 32. Qf2 Rc3 33. Re1 Rxa3 34. f4 Be4+ 35. Kh2 Qe7 36. Rc1 g6 37. g5 Qxb4 38. Rc8+ Kg7 39. Rc7 Rc3 40. Rd7 Kf8 41. Qd2 Qb1 42. Rd8+ Kg7 43. Ne6+ Kh7 44. Rh8+ Kxh8 45. Qd4+ 1-0


[Site "https://www.chess.com"]

[Event "Titled Tuesday Blitz May 9 Early 2023"]
[White "Kozak, Adam"]
[Black "Prohaszka, Peter"]
[WhiteFideId "753246"]
[BlackFideId "726265"]
[WhiteElo "2469"]
[BlackElo "2626"]
[Result "0-1"]
[Round "08"]
[TimeControl "180+2"]
[Date "2023.05.09"]
[WhiteClock "0:00:00"]
[BlackClock "0:00:02"]

1. d4 d5 2. Nf3 Nf6 3. g3 c6 4. Bg2 Bf5 5. O-O e6 6. c4 Be7 7. Nc3 h6 8. Ne5 Nbd7 9. Nxd7 Qxd7 10. Qb3 O-O 11. Rd1 Rac8 12. Qa4 dxc4 13. Qxc4 Bc2 14. e4 b5 15. Qe2 Bxd1 16. Qxd1 b4 17. Ne2 c5 18. d5 exd5 19. e5 Nh7 20. Nf4 d4 21. h4 Rfe8 22. Bd5 Bd8 23. e6 fxe6 24. Bc4 Bc7 25. Ng6 Qf7 26. h5 Nf8 27. Nh4 Qf6 28. Qg4 Rcd8 29. Bd2 Rd5 30. Re1 Re5 31. Rf1 Qf7 32. Ng6 Nxg6 33. hxg6 Qf5 34. Qh4 Qh5 35. Qxh5 Rxh5 36. Bd3 Rd5 37. Bc4 Rd6 38. Bf4 Rd7 39. Bb5 Bxf4 40. Bxd7 Re7 41. Bc6 Bd6 42. b3 Kf8 43. Be4 e5 44. Kg2 Re6 45. Kf3 Ke7 46. Ke2 Rf6 47. g4 Rf4 48. f3 Kf6 49. Kd3 Kg5 50. Rh1 Kf6 51. Rh5 Ke7 52. Rh1 a5 53. Kc4 Ke6 54. Kd3 Rf8 55. Rc1 Ke7 56. Kc4 Ke6 57. Kb5 Be7 58. Kxa5 d3 59. Rd1 Rd8 60. Bxd3 Kf6 61. Kb5 Kg5 62. Bc2 Rxd1 63. Bxd1 Kf4 64. Kc4 Ke3 65. Kd5 Kd2 66. f4 exf4 67. Ke6 Kxd1 0-1


[Site "https://www.chess.com"]